 Dungeon Crawl Stone Soup version 0.18.1-5-g4a78601 (webtiles) character file.

2116 GFox the Fighter (level 9, -4/97 HPs)
             Began as an Ogre Hunter on May 14, 2016.
             Was a Believer of Qazlal.
             Slain by a killer bee (6 damage)
             ... on level 7 of the Dungeon.
             The game lasted 00:59:04 (7316 turns).

GFox the Fighter (Ogre Hunter)                      Turns: 7316, Time: 00:59:05

Health: -4/97      AC:  8    Str: 22      XL:     9   Next: 29%
Magic:  22/22      EV: 11    Int: 11 (12) God:    Qazlal [**....]
Gold:   137        SH:  2    Dex:  7 (8)  Spells: 0 memorised, 14 levels left

rFire  . . .     SeeInvis +     k - +2 giant spiked club
rCold  . . .     Gourm    .     c - +2 robe {MR+}
rNeg   . . .     Faith    .     (shield currently unavailable)
rPois  .         Spirit   .     (helmet restricted)
rElec  .         Dismiss  .     l - +2 cloak
rCorr  .         Reflect  .     (gloves unavailable)
SustAt .         Harm     .     (boots unavailable)
MR     +....     Clarity  +     (no amulet)
Stlth  +.........               (no ring)
                                g - ring of magical power

@: lethally poisoned (-4 -> -11), somewhat resistant to hostile enchantments,
very unstealthy
A: unfitting armour, see invisible, clarity, clever 1, clumsy 1, deterioration
1, sense surroundings 1, tough skin 1, no device heal 1
a: Upheaval, Renounce Religion


You were on level 7 of the Dungeon.
You worshipped Qazlal.
Qazlal was pleased with you.
You were not hungry.

You visited 1 branch of the dungeon, and saw 7 of its levels.

You collected 349 gold pieces.
You spent 212 gold pieces at shops.

Inventory:

Hand Weapons
 k - a +2 giant spiked club (weapon)
Armour
 c - a +2 robe of magic resistance (worn)
 l - a +2 cloak (worn)
Jewellery
 g - a ring of magical power (left hand)
Wands
 b - a wand of iceblast (5/15)
Scrolls
 m - 2 scrolls of remove curse
 t - 2 scrolls of identify
Comestibles
 a - 2 royal jellies
 d - 14 chunks of flesh
 f - 4 bread rations
 h - a meat ration
 i - a beef jerky


   Skills:
 + Level 8.4 Fighting
   Level 3.3 Short Blades
 + Level 2.1 Maces & Flails
 + Level 6.6 Throwing
 + Level 3.6 Armour
 + Level 7.1 Dodging
 + Level 3.5 Stealth
 + Level 2.7 Unarmed Combat
 + Level 3.2 Spellcasting
 + Level 3.5 Invocations


You had 14 spell levels left.
You didn't know any spells.

Dungeon Overview and Level Annotations

Branches:
Dungeon (7/15)             Temple (0/1) D:4

Altars:
Dithmenos
Qazlal
Ru
Vehumet

Shops:
D:5 *(*[


Innate Abilities, Weirdness & Mutations

You are too large for most types of armour.
You have tough skin (AC +1).
You have supernaturally acute eyesight.
You possess an exceptional clarity of mind.
Your mind is acute. (Int +2)
You are clumsy. (Dex -2)
Your body sometimes deteriorates upon taking damage.
You passively map a small area around you.
Potions and wands are less effective at restoring your health.


Message History

The killer bee closely misses you.
You feel sick.
The killer bee stings you but does no damage.
You feel sick. The killer bee barely misses you.
Items here: )) [[ ÷÷ Your surroundings seem slightly different.
You feel sick.
You feel sick.
You feel sick. The killer bee barely misses you.
You feel sick. You block the killer bee's attack.
You feel sick. The killer bee misses you.
You feel sick.
You feel sick. The killer bee stings you.
* * * LOW HITPOINT WARNING * * *
You are more poisoned.
The killer bee poisons you!
You miss the killer bee.
* * * LOW HITPOINT WARNING * * *
You feel sick. The killer bee stings you.
You die...

*###.# #...........### #.(.#
#.##.####.....# ##(#######
##.##.####.....######
,#........###...#................
#.)#####.....#.†).###.....######
#..# #####......# #.....# #..#
##.#...#####.#### ##..##
#...............# .....#
#...@§.#####.##.# .###.#
#..y.........##.# . #.##
#..###.########.# .###..## #..#
.# #.##### .......######..###.#
#...... #####......##.#...#*
#.##### #............### #.#
#.##.##.......## * #.# ..#
#.##.)......... , ..#


You could see a killer bee.

Vanquished Creatures
  A steam dragon (D:7)
  A hungry ghost (D:7)
  2 ice beasts
  An orc warrior (D:6)
  A black bear (D:7)
  A centaur (D:7)
  3 ogres
  A big kobold (D:6)
  A giant frog (D:6)
  A scorpion (D:7)
  A killer bee (D:7)
  2 giant frog zombies
  An orc priest (D:7)
  4 orc wizards
  A giant frog skeleton (D:6)
  2 centaur skeletons
  8 worker ants
  A hound zombie (D:6)
  A howler monkey zombie (D:5)
  4 gnolls (D:7)
  7 adders
  A shadow imp (D:6)
  2 oozes (D:3)
  4 adder skeletons
  A dart slug (D:3)
  4 giant geckos
  12 orcs
  2 ball pythons
  4 bats
  5 giant cockroaches
  4 goblins
  5 hobgoblins
  8 jackals
  12 kobolds
  3 quokkas
  6 giant newts
  A quokka zombie (D:7)
  4 rats
  5 butterflies (D:4)
128 creatures vanquished.

Notes
Turn   | Place    | Note
--------------------------------------------------------------
     0 | D:1      | GFox the Ogre Hunter began the quest for the Orb.
     0 | D:1      | Reached XP level 1. HP: 22/22 MP: 1/1
   445 | D:1      | Reached XP level 2. HP: 29/29 MP: 2/2
   978 | D:2      | Reached skill level 3 in Fighting
  1054 | D:2      | Reached XP level 3. HP: 32/37 MP: 3/3
  1211 | D:2      | Found a stormy altar of Qazlal.
  1242 | D:2      | Became a worshipper of Qazlal Stormbringer
  1282 | D:2      | Reached skill level 1 in Stealth
  1556 | D:3      | Reached skill level 5 in Throwing
  1674 | D:3      | Reached XP level 4. HP: 38/45 MP: 4/4
  1941 | D:3      | Found a sacrificial altar of Ru.
  2303 | D:3      | Reached * piety under Qazlal
  2558 | D:4      | Reached XP level 5. HP: 53/53 MP: 5/5
  3105 | D:4      | Reached skill level 6 in Fighting
  3105 | D:4      | Reached skill level 5 in Dodging
  3105 | D:4      | Reached XP level 6. HP: 14/68 MP: 10/10
  3107 | D:4      | Gained mutation: You possess an exceptional clarity of mind. [potion of beneficial mutation]
  3122 | D:4      | Reached skill level 7 in Fighting
  3389 | D:4      | Found a shadowy altar of Dithmenos.
  3401 | D:4      | Gained mutation: Potions and wands are less effective at restoring your health. [potion of mutation]
  3401 | D:4      | Gained mutation: You tend to lose your temper in combat. [potion of mutation]
  3401 | D:4      | Lost mutation: You tend to lose your temper in combat. [potion of mutation]
  3402 | D:4      | Gained mutation: You are clumsy. (Dex -2) [potion of mutation]
  3402 | D:4      | Gained mutation: Your mind is acute. (Int +2) [potion of mutation]
  3402 | D:4      | Gained mutation: You passively map a small area around you. [potion of mutation]
  3443 | D:4      | Reached XP level 7. HP: 46/78 MP: 11/11
  3801 | D:4      | Found a staircase to the Ecumenical Temple.
  4123 | D:5      | Entered Level 5 of the Dungeon
  4153 | D:5      | Gained mutation: Your body sometimes deteriorates upon taking damage. [potion of mutation]
  4153 | D:5      | Gained mutation: You have supernaturally acute eyesight. [potion of mutation]
  4208 | D:5      | Found Yseugan's Armour Boutique.
  4211 | D:5      | Bought a +2 robe of magic resistance for 212 gold pieces
  4316 | D:5      | Found Xidghori's Weapon Emporium.
  4361 | D:5      | Found Feydiwif's Assorted Antiques.
  4375 | D:5      | Found Cihum's Assorted Antiques.
  5012 | D:6      | Reached ** piety under Qazlal
  5012 | D:6      | Reached XP level 8. HP: 24/87 MP: 12/12
  5630 | D:6      | Reached skill level 1 in Maces & Flails
  6251 | D:6      | Found a radiant altar of Vehumet.
  6506 | D:7      | Paralysed by fainting for 11 turns
  6539 | D:7      | Reached skill level 8 in Fighting
  6881 | D:7      | Reached XP level 9. HP: 12/96 MP: 13/13
  7315 | D:7      | HP: 4/97 [killer bee (3)]
  7316 | D:7      | Slain by a killer bee

Skill      XL: |  1  2  3  4  5  6  7  8  9 |
---------------+----------------------------+-----
Fighting       | 3 6 7 8 |  8.4
Stealth        | 1 3 |  3.5
Dodging        | 2 5 6 7 |  7.1
Throwing       | 5 6 |  6.6
Short Blades   | 3 |  3.3
Armour         | 3 |  3.6
Unarmed Combat | 2 |  2.7
Spellcasting   | 3 |  3.2
Invocations    | 3 |  3.5
Maces & Flails | 1 2 |  2.1

Action                   |  1- 3 |  4- 6 |  7- 9 || total
-------------------------+-------+-------+-------++-------
Melee: Short sword       |    46 |   169 |   160 ||   375
       Punch             |       |     1 |     2 ||     3
       Giant spiked club |       |       |   169 ||   169
Throw: Large rock        |    56 |    13 |    21 ||    90
       Throwing net      |    14 |    10 |       ||    24
Invok: Upheaval          |       |       |     4 ||     4
  Use: Potion            |       |     8 |     3 ||    11
       Scroll            |       |       |    11 ||    11
 Stab: Held in net/web   |     4 |     3 |       ||     7
  Eat: Chunk             |     2 |     4 |    10 ||    16
       Pizza             |       |     1 |       ||     1
       Meat ration       |       |     1 |       ||     1
       Bread ration      |       |       |     2 ||     2
       Royal jelly       |       |       |     1 ||     1
Armor: Robe              |    30 |    51 |   189 ||   270
       Skin              |       |    21 |       ||    21
Dodge: Dodged            |    35 |    85 |   246 ||   366
Block: Other             |       |     3 |    35 ||    38
